 Dungeon Crawl Stone Soup version 0.21-a0-91-ga5031da (webtiles) character file.

67 grindst0ne the Skirmisher (level 4, -8/41 HPs)
             Began as a Ghoul Monk on June 29, 2017.
             Mangled by a worm (9 damage)
             ... on level 2 of the Dungeon.
             The game lasted 00:02:13 (1320 turns).

grindst0ne the Skirmisher (Ghoul Monk)              Turns: 1320, Time: 00:02:14

Health: -8/41      AC:  2    Str: 15    XL:     4   Next: 16%
Magic:  3/3        EV: 12    Int:  5    God:
Gold:   56         SH:  0    Dex: 11    Spells: 3/3 levels left

rFire    . . .     SeeInvis .     - Unarmed
rCold    + . .     Gourm    .   (no shield)
rNeg     + + +     Faith    .   a - +0 robe
rPois    ∞         Spirit   .   (no helmet)
rElec    .         Reflect  .   (no cloak)
rCorr    .         Harm     .   (no gloves)
MR       .....                  (no boots)
Stlth    ++........             (no amulet)
HPRegen  0.00/turn              (no ring)
MPRegen  0.08/turn              (no ring)

@: rotting
A: rotting body, claws 1, carnivore 3, cold resistance 1, negative energy
resistance 3, inhibited regeneration, torment resistance, unbreathing
a: no special abilities


You were on level 2 of the Dungeon.
You were not hungry.

You visited 1 branch of the dungeon, and saw 2 of its levels.

You collected 56 gold pieces.

Inventory:

Armour
 a - a +0 robe (worn)
Scrolls
 d - a scroll of random uselessness {unknown}
 e - 3 scrolls of identify {unknown}
 h - 2 scrolls of teleportation {unknown}
 i - a scroll of remove curse {unknown}
 j - a scroll of recharging {unknown}
Potions
 c - 2 potions of degeneration {unknown}
 g - 2 potions of curing {unknown}
 k - 2 potions of magic {unknown}
Comestibles
 b - 2 meat rations
 f - 7 chunks of flesh


   Skills:
 + Level 4.4 Fighting
 - Level 2.6 Dodging
 - Level 2.1 Stealth
 + Level 4.4 Unarmed Combat


You had 3 spell levels left.
You didn't know any spells.

Dungeon Overview and Level Annotations

Branches:
Dungeon (2/15)

Altars:
Dithmenos
The Shining One


Innate Abilities, Weirdness & Mutations

Your body is rotting away.
You thrive on raw meat.
You are immune to poison.
You have sharp fingernails.
You are carnivorous and can eat meat at any time.
Your flesh is cold resistant. (rC+)
You are immune to negative energy. (rN+++)
You do not regenerate when monsters are visible.
You are immune to unholy pain and torment.
You can survive without breathing.


Message History

The worm is almost dead.
The worm bites you. The adder bites you.
* * * LOW HITPOINT WARNING * * *
You barely miss the worm.
The worm is almost dead.
The adder bites you.
* * * LOW HITPOINT WARNING * * *
The worm bites you.
* * * LOW HITPOINT WARNING * * *
The adder barely misses you. The worm bites you.
* * * LOW HITPOINT WARNING * * *
You scratch the worm.
The worm is almost dead.
The adder barely misses you.
You scratch the worm but do no damage.
The worm is almost dead.
The adder bites you.
* * * LOW HITPOINT WARNING * * *
The worm bites you!
You die...

.....##...#
....)##...# ...#
..........# #...#
.###......# #...# ##
#......# #### #...# #
#...##.###...###...#
#
#...##.##.....##...#
##...##.#.......#...#
........#..$..@S%...+
#######.#......w#...#
#.##.....##...#
#..##...##....#
##..#####..####
##.......## #########


You could see a worm and an adder.

Vanquished Creatures
  2 adders (D:2)
  4 dart slugs
  3 leopard geckos (D:2)
  A ball python (D:2)
  2 bats (D:2)
  3 giant cockroaches
  7 goblins
  2 hobgoblins (D:2)
  2 quokkas (D:2)
  2 frilled lizards (D:2)
  4 kobolds
  4 rats
36 creatures vanquished.

Notes
Turn   | Place    | Note
-------+----------+-------------------------------------------
     0 | D:1      | grindst0ne the Ghoul Monk began the quest for the Orb.
     0 | D:1      | Reached XP level 1. HP: 19/19 MP: 0/0
   391 | D:1      | Reached XP level 2. HP: 21/26 MP: 1/1
   506 | D:1      | Found a glowing golden altar of the Shining One.
   752 | D:2      | Reached XP level 3. HP: 30/33 MP: 2/2
  1136 | D:2      | Found a shadowy altar of Dithmenos.
  1138 | D:2      | Reached XP level 4. HP: 29/41 MP: 3/3
  1320 | D:2      | HP: 1/41 [adder (4)]
  1320 | D:2      | Mangled by a worm

Vault maps used:
D:1:      dpeg_arrival_arbitrary_c, st_stairs_13, tso_metal_star
D:2:      kennysheep_six_static_rooms, minmay_hexomino_r4

Skill      XL: |  1  2 |
---------------+-------+-----
Fighting       | 4 |  4.4
Unarmed Combat | 4 |  4.4
Dodging        | |  2.6
Stealth        | |  2.1

Action                   |  1- 3 |  4- 6 || total
-------------------------+-------+-------++-------
Melee: Unarmed           |    99 |    30 ||   129
       Punch             |     1 |       ||     1
 Stab: Sleeping          |     4 |       ||     4
  Eat: Chunk             |     1 |       ||     1
Armor: Robe              |    10 |     5 ||    15
Dodge: Dodged            |    58 |    16 ||    74
